 Dungeon Crawl Stone Soup version 0.29.1-1-gd02db6906a (webtiles) character file.

Game seed: 10524399829895783640

240 LabCoat the Chopper (level 6, -1/53 HPs)
             Began as a Hill Orc Fighter on Oct 2, 2022.
             Succumbed to a scorpion's poison
             ... on level 5 of the Dungeon.
             The game lasted 00:08:17 (3649 turns).

LabCoat the Chopper (Hill Orc Fighter)              Turns: 3649, Time: 00:08:17

Health: -1/53      AC:  6    Str: 21    XL:     6   Next: 8%
Magic:  5/5        EV:  7    Int:  8    God:
Gold:   197        SH: 10    Dex: 16    Spells: 5/5 levels left

rFire   . . .      SeeInvis .   a - +0 war axe
rCold   . . .      Faith    .   c - +0 buckler
rNeg    . . .      Spirit   .   e - +0 chain mail
rPois   .          Reflect  +   p - +0 helmet
rElec   .          Harm     .   (no cloak)
rCorr   .          Rampage  .   (no gloves)
Will    .....                   (no boots)
Stlth   ..........              k - amulet of reflection
HPRegen 0.17/turn               b - +6 ring of dexterity
MPRegen 0.09/turn               (no ring)

@: lethally poisoned (-1 -> -9), flying, hasted, very quick
A: talons 1, deformed body, low MP 1
a: no special abilities


You were on level 5 of the Dungeon.
You visited 1 branch of the dungeon, and saw 5 of its levels.

You collected 197 gold pieces.

Inventory:

Hand Weapons
 a - a +0 war axe (weapon)
 q - a +0 flail
Missiles
 m - 9 poisoned darts (quivered)
Armour
 c - a +0 buckler (worn)
 e - a +0 chain mail (worn)
 p - a +0 helmet (worn)
Jewellery
 b - a +6 ring of dexterity (left hand)
 h - a ring of fire
 k - an amulet of reflection (around neck)
Scrolls
 j - a scroll of noise {unknown}
 l - a scroll of magic mapping {unknown}
 n - 2 scrolls of identify
 o - 2 scrolls of vulnerability {unknown}
Potions
 d - a potion of might


   Skills:
 + Level 4.4 Fighting
 * Level 5.0 Axes
 + Level 1.6 Throwing
 + Level 4.0 Armour
 + Level 3.9 Shields
 + Level 1.8 Evocations


You had 5 spell levels left.
You didn't know any spells.
Your spell library contained the following spells:

 Spells                   Type           Power      Damage    Failure   Level
 Beastly Appendage        Tmut           0%         N/A       99%         1
 Wereblood                Tmut           0%         N/A       100%        2
 Spider Form              Tmut/Pois      0%         N/A       100%        3


Dungeon Overview and Level Annotations

Branches:
Dungeon (5/15)
 Temple: D:4-7

Altars:
Makhleb
Vehumet


Innate Abilities, Weirdness & Mutations

You have sharp toenails.
Armour fits poorly on your strangely shaped body.
Your magical capacity is low. (-10% MP)


Message History

You feel very sick. You block the scorpion's attack. The quokka bites you.
The scorpion stings you.
You are more poisoned.
The scorpion poisons you!
You closely miss the scorpion. You barely miss the quokka.
You feel extremely sick.
The quokka bites you but does no damage.
The scorpion stings you but does no damage.
The quokka bites you but does no damage.
You hit the scorpion.
The scorpion is lightly wounded.
You hit the quokka.
You feel very sick.
The scorpion stings you but does no damage.
The quokka bites you.
You hit the scorpion.
The scorpion is moderately wounded.
You barely miss the quokka.
* * * LOW HITPOINT WARNING * * *
You feel very sick.
The scorpion stings you but does no damage.
You block the quokka's attack. The scorpion barely misses you.
The quokka bites you.
* * * LOW HITPOINT WARNING * * *
Okay, then.
It was a potion of mutation.
You feel extremely strange.
You feel less energetic.
Your body twists and deforms.
Your toenails lengthen and sharpen.
* * * LOW HITPOINT WARNING * * *
You feel very sick. The scorpion completely misses you.
You block the quokka's attack.
It was a potion of flight.
You feel very buoyant.
You fly up into the air.
* * * LOW HITPOINT WARNING * * *
You feel sick. The scorpion stings you.
* * * LOW HITPOINT WARNING * * *
The quokka closely misses you.
It was a potion of haste.
You feel yourself speed up.
You die...

. #######..
##.......#
##..⌠...⌠..
#..........
#.s...⌠....
#..@r....>.
#.....⌠....
#.........?
##..⌠...⌠..
##.......#
####..##.
#.. ###


You could see a scorpion and a quokka.

Vanquished Creatures
  An ogre (D:4)
  An iguana (D:4)
  Natasha (thrice) (D:4)
  2 adders
  A worm (D:2)
  3 ball pythons
  3 bats
  2 endoplasms
  A giant cockroach (D:4)
  5 goblins
  7 hobgoblins
  3 jackals (D:4)
  3 quokkas
  2 frilled lizards
  2 kobolds
39 creatures vanquished.

Notes
Turn   | Place    | Note
-------+----------+-------------------------------------------
     0 | D:1      | LabCoat the Hill Orc Fighter began the quest for the Orb.
     0 | D:1      | Reached XP level 1. HP: 19/19 MP: 1/1
   381 | D:1      | Reached skill level 3 in Axes
   386 | D:1      | Reached XP level 2. HP: 27/27 MP: 2/2
   682 | D:1      | Found a radiant altar of Vehumet.
   804 | D:2      | Found a faded altar of an unknown god.
   923 | D:2      | Reached XP level 3. HP: 14/33 MP: 3/3
  1098 | D:2      | Found a burning altar of Makhleb.
  1897 | D:3      | Reached skill level 1 in Evocations
  2318 | D:4      | Noticed Natasha
  2328 | D:4      | Killed Natasha
  2329 | D:4      | Reached skill level 4 in Axes
  2329 | D:4      | Reached skill level 1 in Throwing
  2329 | D:4      | Reached XP level 4. HP: 34/40 MP: 4/4
  2357 | D:4      | Noticed Natasha
  2371 | D:4      | HP: 2/40 [Natasha/magic dart (8)]
  2377 | D:4      | Killed Natasha
  2747 | D:4      | Noticed Natasha
  2754 | D:4      | Killed Natasha
  2755 | D:4      | Reached XP level 5. HP: 34/46 MP: 5/5
  3023 | D:4      | Noticed an ogre
  3031 | D:4      | Killed an ogre
  3102 | D:4      | Reached skill level 5 in Axes
  3102 | D:4      | Reached XP level 6. HP: 20/53 MP: 6/6
  3639 | D:5      | Entered Level 5 of the Dungeon
  3647 | D:5      | Gained mutation: Your magical capacity is low. (-10% MP)
                  | [potion of mutation]
  3647 | D:5      | Gained mutation: Armour fits poorly on your strangely
                  | shaped body. [potion of mutation]
  3647 | D:5      | Gained mutation: You have sharp toenails. [potion of
                  | mutation]
  3648 | D:5      | HP: 1/53 [scorpion (5)]
  3649 | D:5      | Succumbed to a scorpion's poison

Illustrated notes

Levels and vault maps discovered:
D:1:      dpeg_arrival_water_altar, layout_rooms, chequers_serial_rivers_micro_e
D:2:      layout_basic, basic_altar, shapermc_ecumenical_altar_totnotflames,
          wander_ebering_terrifying_dragon_lair
D:3:      layout_basic, nicolae_underground_beach
D:4:      layout_loops_corners, uniq_natasha
D:5:      layout_rooms, mainiacjoe_overflow_six_doors_small,
          grunt_ministairs_10, uniq_grinder, uniq_eustachio

Skill      XL: |  1  2  3  4  5 |
---------------+----------------+-----
Axes           | 3 4 5 |  5.0
Fighting       | 4 |  4.4
Evocations     | 1 |  1.8
Throwing       | 1 |  1.6
Armour         | 4 |  4.0
Shields        | |  3.9

Action                   |  1- 3 |  4- 6 || total
-------------------------+-------+-------++-------
Melee: War axe           |   101 |    43 ||   144
Throw: Dart              |     4 |     7 ||    11
  Use: Scroll            |     4 |       ||     4
       Potion            |       |     7 ||     7
Armor: Chain mail        |    42 |    19 ||    61
       Scale mail        |     7 |       ||     7
Dodge: Dodged            |    21 |    16 ||    37
Block: Buckler           |    43 |    28 ||    71
       Reflection        |     1 |       ||     1
